cohdb
Replays
Latest Replays
All Replays
Popular Replays
Top Player Replays
Match Explorer
How It Works
Community
CoH3 Stats
Reddit
Sign in to upload your games and track your stats! →
Sign in with Steam
Match 44674686
Unlisted
Match 44674686
Overview
Messages
Build Orders
End
Kradschützen Motorcycle Team
250 Light Carrier
Selects Panzerjäger Kommand Battlegroup
Selects Blockade Equipment
Panzergrenadier Squad
Construct Light Support Kompanie
MG34 Team
2.5-tonne Medical Truck
Selects Tank Busters
Combat Half-tracks
Assault Mechanized Group
Fire Support Elements
Panzerjäger Squad
Selects Defensive Positions
Construct Mechanized Kompanie
MG34 Team
Assault Grenadier Squad
StuG III D Assault Gun
Selects Butterfly Bomb Drop
Butterfly Bomb Drop
Panzerjäger Squad
Flakvierling Half-track
Butterfly Bomb Drop
McKay
Orange Soda
_Cold_Coffe_
Djuren
Arturokq
b现实失败者只能游戏开挂找心理平衡
0
0
Comments
sign in to comment!
No comments posted yet!